General information
- name: BNet
- type: Ladder team game (AT/RT)
- host: Battle.net
- saver: lNDeNt
map: Deadlock
- players: 8
- length: 30:08
- speed: Fast
- version: 1.26 W3XP
- replay type: Public
» download(263 KB)
Players
team 1 (winner)

»
Boris_X1V (
yellow | 48 APM | 1253 actions | 26:04)
4 Keeper of the Grove
2 Entangling Roots
2 Thorns Aura
» actions
| Assign group hotkey | 12 | |
| Basic commands | 11 | |
| Build / train | 60 | |
| Enter build submenu | 16 | |
| Enter hero's abilities submenu | 4 | |
| Remove unit from queue | 7 | |
| Right click | 418 | |
| Select / deselect | 263 | |
| Select group hotkey | 406 | |
| Use ability | 56 | |
1253 total
» units
| Wisp | 19 | |
| Hippogryph | 13 | |
| Chimaera | 5 | |
37 total
» upgrades
| Strength of the Wild | 3 | |
| Reinforced Hides | 3 | |
| Well Spring | 1 | |
| Ultravision | 1 | |
8 total
» buildings
| Moon Well | 5 | |
| Altar of Elders | 1 | |
| Hunter's Hall | 1 | |
| Ancient of Wonders | 1 | |
| Ancient Protector | 2 | |
| Tree of Ages | 1 | |
| Tree of Eternity | 1 | |
| Ancient of Wind | 1 | |
| Chimaera Roost | 2 | |
| Tree of Life | 1 | |
16 total
» build order
00:19 Moon Well
00:33 Altar of Elders
01:33 Hunter's Hall
02:34 Ancient of Wonders
02:41 Ancient Protector
03:40 Moon Well
03:49 Tree of Ages
04:53 Ancient Protector
06:13 Tree of Eternity
06:18 Ancient of Wind
08:46 Chimaera Roost
08:50 Chimaera Roost
08:56 Moon Well
09:25 Moon Well
11:16 Moon Well
20:12 Tree of Life
» items
honk18 (
red | 140 APM | 4231 actions | 30:07)
6 Demon Hunter
2 Evasion
1 Immolation
2 Mana Burn
1 Metamorphosis
6 Keeper of the Grove
2 Entangling Roots
3 Thorns Aura
1 Tranquility
» actions
| Assign group hotkey | 80 | |
| Basic commands | 117 | |
| Build / train | 98 | |
| ESC pressed | 2 | |
| Enter build submenu | 33 | |
| Enter hero's abilities submenu | 11 | |
| Give item / drop item | 8 | |
| Remove unit from queue | 2 | |
| Right click | 1391 | |
| Select / deselect | 543 | |
| Select group hotkey | 1769 | |
| Use ability | 177 | |
4231 total
» units
| Wisp | 26 | |
| Archer | 8 | |
| Mountain Giant | 3 | |
| Druid of the Talon | 14 | |
| Faerie Dragon | 1 | |
52 total
» upgrades
| Improved Bows | 1 | |
| Resistant Skin | 1 | |
| Hardened Skin | 1 | |
| Druid of the Talon Training | 2 | |
| Mark of the Talon | 1 | |
| Nature's Blessing | 1 | |
| Well Spring | 1 | |
| Ultravision | 1 | |
| Strength of the Wild | 1 | |
| Reinforced Hides | 2 | |
12 total
» buildings
| Altar of Elders | 1 | |
| Moon Well | 9 | |
| Ancient of War | 1 | |
| Tree of Ages | 1 | |
| Ancient of Wonders | 1 | |
| Tree of Life | 2 | |
| Hunter's Hall | 1 | |
| Ancient of Lore | 1 | |
| Tree of Eternity | 1 | |
| Ancient of Wind | 4 | |
| Ancient Protector | 10 | |
32 total
» build order
00:11 Altar of Elders
00:19 Moon Well
00:33 Ancient of War
01:29 Moon Well
02:58 Tree of Ages
03:49 Moon Well
04:00 Ancient of Wonders
04:27 Tree of Life
04:49 Hunter's Hall
06:01 Ancient of Lore
07:53 Moon Well
08:12 Tree of Eternity
08:39 Moon Well
08:40 Moon Well
08:46 Moon Well
09:09 Moon Well
11:15 Ancient of Wind
11:20 Ancient of Wind
12:19 Ancient of Wind
12:24 Ancient of Wind
29:08 Tree of Life
29:09 Ancient Protector
29:11 Ancient Protector
29:14 Ancient Protector
29:19 Ancient Protector
29:21 Ancient Protector
29:23 Ancient Protector
29:30 Ancient Protector
29:32 Ancient Protector
29:34 Ancient Protector
29:36 Ancient Protector
29:39 Moon Well
» items
| Staff of Teleportation | 1 | |
| Potion of Healing | 4 | |
| Staff of Preservation | 1 | |
| Scroll of Town Portal | 7 | |
| Orb of Venom | 1 | |
| Anti-magic Potion | 1 | |
| Boots of Speed | 1 | |
16 total

»
bannedfromwc3 (
teal | 80 APM | 2418 actions | 30:07)
4 Pandaren Brewmaster
2 Breath of Fire
2 Drunken Brawler
3 Pit Lord
2 Rain of Fire
1 Cleaving Attack
2 Warden
1 Fan of Knives
1 Blink
» actions
| Assign group hotkey | 95 | |
| Basic commands | 48 | |
| Build / train | 105 | |
| Enter build submenu | 44 | |
| Enter hero's abilities submenu | 9 | |
| Give item / drop item | 1 | |
| Right click | 1092 | |
| Select / deselect | 391 | |
| Select group hotkey | 400 | |
| Use ability | 233 | |
2418 total
» units
| Wisp | 43 | |
| Hippogryph | 2 | |
| Druid of the Talon | 2 | |
| Chimaera | 7 | |
54 total
» upgrades
| Ultravision | 1 | |
| Corrosive Breath | 1 | |
| Strength of the Wild | 2 | |
| Well Spring | 1 | |
| Reinforced Hides | 1 | |
6 total
» buildings
| Altar of Elders | 2 | |
| Moon Well | 16 | |
| Hunter's Hall | 1 | |
| Tree of Ages | 4 | |
| Tree of Life | 3 | |
| Tree of Eternity | 2 | |
| Ancient of Wind | 2 | |
| Chimaera Roost | 7 | |
| Ancient Protector | 3 | |
| Ancient of Wonders | 3 | |
43 total
» build order
00:07 Altar of Elders
00:10 Moon Well
01:42 Hunter's Hall
01:46 Moon Well
01:50 Moon Well
05:04 Tree of Ages
05:04 Tree of Ages
05:56 Moon Well
05:57 Moon Well
05:59 Moon Well
07:05 Tree of Life
08:33 Tree of Eternity
08:33 Tree of Eternity
10:04 Tree of Life
10:23 Ancient of Wind
11:36 Chimaera Roost
11:36 Chimaera Roost
11:38 Chimaera Roost
11:52 Ancient of Wind
12:01 Chimaera Roost
12:02 Chimaera Roost
12:04 Moon Well
12:13 Tree of Life
12:20 Ancient Protector
12:42 Ancient of Wonders
12:43 Ancient of Wonders
16:53 Altar of Elders
18:20 Chimaera Roost
18:21 Chimaera Roost
19:31 Moon Well
19:32 Moon Well
19:37 Moon Well
19:38 Moon Well
19:39 Moon Well
19:40 Moon Well
19:42 Moon Well
20:32 Moon Well
26:35 Ancient Protector
27:41 Moon Well
28:18 Ancient of Wonders
» items
| Boots of Speed | 2 | |
| Staff of Teleportation | 6 | |
| Orb of Venom | 5 | |
| Potion of Healing | 1 | |
14 total

»
lNDeNt (
purple | 76 APM | 2276 actions | 30:08)
3 Archmage
2 Blizzard
1 Brilliance Aura
2 Pit Lord
1 Rain of Fire
1 Cleaving Attack
2 Blood Mage
1 Flame Strike
1 Siphon Mana
» actions
| Assign group hotkey | 109 | |
| Basic commands | 28 | |
| Build / train | 120 | |
| ESC pressed | 4 | |
| Enter build submenu | 49 | |
| Enter hero's abilities submenu | 8 | |
| Give item / drop item | 2 | |
| Right click | 786 | |
| Select / deselect | 310 | |
| Select group hotkey | 554 | |
| Use ability | 306 | |
2276 total
» units
| Peasant | 23 | |
| Sorceress | 2 | |
| Flying Machine | 11 | |
36 total
» upgrades
| Masonry | 3 | |
| Lumber Harvesting | 2 | |
| Magic Sentry | 1 | |
| Sorceress Training | 2 | |
| Gunpowder | 3 | |
| Plating | 3 | |
| Flak Cannons | 1 | |
| Flying Machine Bombs | 1 | |
16 total
» buildings
| Altar of Kings | 1 | |
| Farm | 10 | |
| Lumber Mill | 1 | |
| Scout Tower | 132 | |
| Arcane Tower | 5 | |
| Guard Tower | 37 | |
| Keep | 1 | |
| Town Hall | 1 | |
| Castle | 1 | |
| Arcane Sanctum | 1 | |
| Blacksmith | 1 | |
| Workshop | 5 | |
196 total
» build order
00:12 Altar of Kings
00:15 Farm
00:54 Farm
01:07 Lumber Mill
01:29 Scout Tower
01:41 Scout Tower
02:01 Scout Tower
02:04 Scout Tower
02:08 Arcane Tower
02:16 Arcane Tower
02:16 Arcane Tower
02:28 Guard Tower
02:30 Scout Tower
02:38 Scout Tower
02:40 Guard Tower
02:53 Scout Tower
02:53 Scout Tower
02:54 Scout Tower
02:55 Scout Tower
03:06 Guard Tower
03:07 Scout Tower
03:08 Scout Tower
03:10 Farm
03:12 Scout Tower
03:42 Arcane Tower
03:43 Farm
03:52 Guard Tower
03:55 Guard Tower
04:07 Guard Tower
04:08 Scout Tower
04:09 Scout Tower
04:09 Scout Tower
04:20 Guard Tower
04:20 Guard Tower
04:22 Scout Tower
04:22 Scout Tower
04:26 Scout Tower
04:27 Scout Tower
04:39 Guard Tower
04:44 Scout Tower
04:45 Scout Tower
04:46 Scout Tower
04:46 Scout Tower
04:47 Scout Tower
04:47 Scout Tower
04:48 Scout Tower
04:48 Scout Tower
04:50 Scout Tower
04:51 Scout Tower
04:56 Guard Tower
04:58 Scout Tower
04:59 Scout Tower
05:00 Scout Tower
05:06 Guard Tower
05:08 Guard Tower
05:58 Guard Tower
06:00 Guard Tower
06:00 Guard Tower
06:22 Keep
06:28 Guard Tower
06:55 Scout Tower
06:56 Scout Tower
07:00 Town Hall
07:02 Scout Tower
07:02 Scout Tower
07:04 Scout Tower
07:06 Scout Tower
07:47 Guard Tower
07:49 Scout Tower
07:50 Scout Tower
07:51 Scout Tower
07:51 Scout Tower
07:57 Guard Tower
07:59 Scout Tower
07:59 Scout Tower
08:00 Scout Tower
08:00 Scout Tower
08:00 Scout Tower
08:01 Scout Tower
08:18 Guard Tower
08:22 Guard Tower
08:24 Scout Tower
08:25 Scout Tower
08:26 Scout Tower
08:27 Scout Tower
08:28 Scout Tower
08:28 Scout Tower
08:29 Scout Tower
08:29 Scout Tower
08:39 Arcane Tower
08:58 Castle
09:04 Arcane Sanctum
09:16 Guard Tower
09:55 Scout Tower
09:56 Scout Tower
09:58 Scout Tower
10:01 Guard Tower
10:07 Scout Tower
10:07 Scout Tower
10:08 Scout Tower
10:09 Scout Tower
10:30 Scout Tower
10:30 Scout Tower
11:03 Scout Tower
11:04 Scout Tower
11:05 Scout Tower
11:05 Scout Tower
11:39 Guard Tower
11:49 Guard Tower
11:57 Guard Tower
12:11 Scout Tower
12:12 Scout Tower
12:13 Scout Tower
12:13 Scout Tower
12:15 Scout Tower
12:16 Scout Tower
12:17 Scout Tower
12:19 Scout Tower
12:47 Scout Tower
12:48 Scout Tower
12:48 Scout Tower
12:49 Scout Tower
12:52 Scout Tower
12:52 Scout Tower
12:53 Scout Tower
12:54 Scout Tower
13:21 Scout Tower
13:22 Scout Tower
13:22 Scout Tower
13:22 Scout Tower
13:23 Scout Tower
13:23 Scout Tower
13:23 Scout Tower
13:24 Scout Tower
13:24 Scout Tower
13:24 Scout Tower
13:25 Scout Tower
13:26 Scout Tower
13:26 Scout Tower
13:26 Scout Tower
13:26 Scout Tower
13:27 Scout Tower
13:27 Scout Tower
13:27 Scout Tower
13:49 Guard Tower
13:56 Guard Tower
13:59 Guard Tower
14:12 Guard Tower
14:39 Guard Tower
14:50 Scout Tower
14:50 Scout Tower
14:51 Scout Tower
14:51 Scout Tower
14:51 Scout Tower
15:01 Guard Tower
15:04 Scout Tower
15:05 Scout Tower
15:05 Scout Tower
15:05 Scout Tower
15:06 Scout Tower
15:06 Scout Tower
15:23 Guard Tower
15:39 Blacksmith
16:19 Workshop
16:20 Workshop
16:20 Workshop
16:23 Workshop
16:24 Workshop
16:56 Farm
18:08 Guard Tower
18:09 Guard Tower
18:51 Scout Tower
18:51 Scout Tower
18:52 Scout Tower
18:52 Scout Tower
18:53 Scout Tower
18:53 Scout Tower
18:53 Scout Tower
18:53 Scout Tower
18:54 Scout Tower
18:54 Scout Tower
18:55 Scout Tower
18:55 Scout Tower
18:56 Scout Tower
19:47 Guard Tower
20:34 Farm
20:34 Farm
21:20 Farm
21:21 Farm
27:36 Guard Tower
» items
| Boots of Speed | 3 | |
| Staff of Teleportation | 3 | |
| Moonstone | 1 | |
| Lesser Clarity Potion | 1 | |
| Scroll of Town Portal | 3 | |
| Orb of Venom | 1 | |
12 total
team 2 (loser)

»
sonecazzz (
blue | 80 APM | 2398 actions | 30:00)
3 Archmage
2 Summon Water Elemental
1 Brilliance Aura
3 Mountain King
2 Storm Bolt
1 Bash
3 Paladin
2 Holy Light
1 Divine Shield
» actions
| Assign group hotkey | 211 | |
| Build / train | 101 | |
| Enter build submenu | 34 | |
| Enter hero's abilities submenu | 9 | |
| Remove unit from queue | 3 | |
| Right click | 812 | |
| Select / deselect | 402 | |
| Select group hotkey | 690 | |
| Use ability | 136 | |
2398 total
» units
| Peasant | 34 | |
| Footman | 2 | |
| Rifleman | 1 | |
| Razormane Medicine Man | 2 | |
| Dragonhawk Rider | 12 | |
| Knight | 1 | |
| Siege Engine | 2 | |
| Hippogryph | 2 | |
56 total
» upgrades
| Masonry | 3 | |
| Defend | 1 | |
| Swords | 2 | |
| Plating | 1 | |
| Cloud | 1 | |
| Animal War Training | 1 | |
| Lumber Harvesting | 2 | |
| Armor | 1 | |
| Barrage | 1 | |
| Gunpowder | 1 | |
14 total
» buildings
| Altar of Kings | 1 | |
| Barracks | 2 | |
| Farm | 12 | |
| Scout Tower | 16 | |
| Lumber Mill | 1 | |
| Arcane Tower | 2 | |
| Arcane Vault | 1 | |
| Blacksmith | 1 | |
| Keep | 1 | |
| Guard Tower | 5 | |
| Castle | 2 | |
| Gryphon Aviary | 2 | |
| Town Hall | 3 | |
| Workshop | 2 | |
51 total
» build order
00:07 Altar of Kings
00:11 Barracks
00:15 Farm
00:55 Farm
01:29 Scout Tower
01:40 Scout Tower
01:48 Farm
01:55 Lumber Mill
02:18 Arcane Tower
02:37 Arcane Tower
02:48 Farm
03:48 Barracks
03:54 Arcane Vault
04:10 Blacksmith
04:49 Keep
05:44 Scout Tower
06:08 Scout Tower
06:25 Guard Tower
06:38 Guard Tower
06:44 Farm
06:45 Farm
07:13 Castle
07:13 Castle
07:52 Scout Tower
08:35 Gryphon Aviary
09:28 Gryphon Aviary
11:11 Town Hall
13:43 Farm
13:43 Farm
13:49 Farm
13:50 Farm
14:37 Town Hall
15:22 Scout Tower
15:22 Scout Tower
15:32 Farm
15:35 Farm
17:34 Guard Tower
19:06 Scout Tower
19:07 Scout Tower
19:08 Scout Tower
21:47 Town Hall
23:22 Guard Tower
23:40 Guard Tower
24:03 Scout Tower
24:04 Scout Tower
24:05 Scout Tower
24:10 Scout Tower
24:12 Scout Tower
24:14 Scout Tower
24:48 Workshop
26:22 Workshop
» items
| Scroll of Regeneration | 2 | |
| Scroll of Town Portal | 4 | |
6 total
olympicman (
green | 30 APM | 886 actions | 29:49)
5 Pandaren Brewmaster
3 Drunken Brawler
2 Breath of Fire
1 Priestess of the Moon
1 Searing Arrows
» actions
| Assign group hotkey | 12 | |
| Build / train | 84 | |
| Enter build submenu | 18 | |
| Enter hero's abilities submenu | 6 | |
| Right click | 310 | |
| Select / deselect | 250 | |
| Select group hotkey | 174 | |
| Use ability | 32 | |
886 total
» units
| Peon | 27 | |
| Troll Headhunter/Berserker | 20 | |
| Shaman | 10 | |
| Hippogryph | 5 | |
62 total
» upgrades
| Troll Regeneration | 1 | |
| Ranged Weapons | 3 | |
| Armor | 3 | |
| Berserker Upgrade | 1 | |
| Shaman Training | 2 | |
10 total
» buildings
| Orc Burrow | 9 | |
| Altar of Storms | 1 | |
| War Mill | 2 | |
| Barracks | 2 | |
| Stronghold | 1 | |
| Fortress | 1 | |
| Great Hall | 1 | |
| Spirit Lodge | 1 | |
| Voodoo Lounge | 1 | |
19 total
» build order
00:08 Orc Burrow
00:11 Altar of Storms
00:58 War Mill
01:36 Barracks
01:58 Barracks
02:24 Orc Burrow
02:39 Orc Burrow
03:41 Stronghold
06:04 Orc Burrow
06:07 Fortress
07:28 Great Hall
08:24 Orc Burrow
09:28 Spirit Lodge
11:39 Voodoo Lounge
14:17 War Mill
18:10 Orc Burrow
18:14 Orc Burrow
19:23 Orc Burrow
19:28 Orc Burrow
» items
LnL (
pink | 58 APM | 1540 actions | 26:23)
4 Beastmaster
2 Summon Bear
2 Summon Hawk
3 Priestess of the Moon
2 Trueshot Aura
1 Searing Arrows
» actions
| Assign group hotkey | 22 | |
| Basic commands | 8 | |
| Build / train | 81 | |
| Enter build submenu | 14 | |
| Enter hero's abilities submenu | 7 | |
| Give item / drop item | 7 | |
| Remove unit from queue | 8 | |
| Right click | 842 | |
| Select / deselect | 346 | |
| Select group hotkey | 131 | |
| Use ability | 74 | |
1540 total
» units
| Wisp | 16 | |
| Archer | 6 | |
| Hippogryph | 3 | |
| Druid of the Talon | 11 | |
| Faerie Dragon | 1 | |
37 total
» upgrades
| Ultravision | 1 | |
| Druid of the Talon Training | 2 | |
| Well Spring | 1 | |
| Mark of the Talon | 1 | |
| Strength of the Wild | 3 | |
| Reinforced Hides | 2 | |
10 total
» buildings
| Moon Well | 6 | |
| Altar of Elders | 1 | |
| Ancient of War | 1 | |
| Ancient of Wonders | 1 | |
| Tree of Ages | 2 | |
| Hunter's Hall | 1 | |
| Tree of Eternity | 1 | |
| Ancient of Wind | 3 | |
| Tree of Life | 1 | |
17 total
» build order
00:18 Moon Well
00:25 Altar of Elders
00:32 Ancient of War
01:20 Moon Well
01:58 Ancient of Wonders
02:58 Tree of Ages
02:58 Tree of Ages
03:42 Moon Well
04:07 Hunter's Hall
04:57 Moon Well
05:35 Tree of Eternity
06:26 Ancient of Wind
06:41 Moon Well
07:24 Tree of Life
08:24 Ancient of Wind
08:29 Ancient of Wind
19:09 Moon Well
» items
| Lesser Clarity Potion | 1 | |
| Scroll of Town Portal | 2 | |
| Staff of Preservation | 2 | |
| Orb of Venom | 2 | |
| Anti-magic Potion | 2 | |
| Potion of Lesser Invulnerability | 1 | |
| Scroll of Protection | 2 | |
| Scroll of Healing | 2 | |
14 total

»
Killerdestroyer (
orange | 83 APM | 2498 actions | 30:06)
5 Keeper of the Grove
3 Force of Nature
2 Entangling Roots
» actions
| Assign group hotkey | 146 | |
| Build / train | 87 | |
| Enter build submenu | 30 | |
| Enter hero's abilities submenu | 5 | |
| Right click | 1010 | |
| Select / deselect | 630 | |
| Select group hotkey | 516 | |
| Use ability | 74 | |
2498 total
» units
| Wisp | 33 | |
| Archer | 19 | |
| Hippogryph | 16 | |
68 total
» upgrades
| Improved Bows | 1 | |
| Hippogryph Taming | 1 | |
| Strength of the Wild | 2 | |
| Reinforced Hides | 2 | |
| Moon Armor | 1 | |
| Strength of the Moon | 3 | |
| Marksmanship | 1 | |
11 total
» buildings
| Altar of Elders | 1 | |
| Moon Well | 11 | |
| Ancient of War | 2 | |
| Hunter's Hall | 1 | |
| Ancient Protector | 3 | |
| Tree of Ages | 1 | |
| Ancient of Wonders | 1 | |
| Tree of Life | 3 | |
| Ancient of Wind | 2 | |
| Tree of Eternity | 1 | |
26 total
» build order
00:15 Altar of Elders
00:19 Moon Well
00:57 Ancient of War
01:37 Moon Well
02:35 Moon Well
03:01 Hunter's Hall
04:08 Ancient Protector
04:11 Ancient Protector
04:38 Ancient Protector
05:10 Tree of Ages
06:46 Moon Well
06:50 Ancient of Wonders
07:00 Tree of Life
07:39 Ancient of Wind
07:43 Ancient of Wind
08:40 Ancient of War
10:38 Moon Well
10:44 Tree of Eternity
11:39 Moon Well
14:37 Tree of Life
14:58 Moon Well
15:02 Moon Well
15:07 Moon Well
15:30 Moon Well
16:38 Moon Well
29:44 Tree of Life
Chat log
(00:04 / Allies) lNDeNt: hu
(00:12 / Allies) bannedfromwc3: crud elf
(00:20 / Allies) bannedfromwc3: maybe i should mass hunts
(00:26 / Allies) lNDeNt: you dont want to tower fort?
(00:32 / Allies) bannedfromwc3: can you handle that?
(00:34 / Allies) bannedfromwc3: i cant tower
(00:49 / Allies) lNDeNt: feed me and ill tower ends first
(00:59 / Allies) lNDeNt: wot heros should we get
(01:05 / Allies) bannedfromwc3: idk
(01:16 / Allies) bannedfromwc3: im going panda first
(01:19 / 7) lNDeNt: im gonna go triple aoe
(01:37 / 9) bannedfromwc3: does fan of knives count as aoe
(01:43 / Allies) lNDeNt: stinky aoe
(01:45 / Allies) lNDeNt: doesnt hit statues etc
(01:47 / Allies) Boris_X1V: why u build tower in my base ?
(01:53 / Allies) lNDeNt: fot defense
(01:56 / Allies) lNDeNt: begin the feed, banned
(02:22 / Allies) lNDeNt: lets harass ur nighbor
(02:22 / 9) bannedfromwc3: i feel like i need some tier 1 on this shit dump map
(02:46 / 7) lNDeNt: idc that much about winning
(02:54 / 9) bannedfromwc3: yellow is going to kill your towers with his towers i bet
(02:59 / 7) lNDeNt: w/e
(03:58 / Allies) Boris_X1V: enough towers purple
(04:03 / Allies) bannedfromwc3: no
(04:05 / Allies) bannedfromwc3: not enough
(04:17 / Allies) lNDeNt: you think 4 towers is gonn adefend against 4 armies?
(04:40 / 7) lNDeNt: tech up
(05:10 / Allies) lNDeNt: obviously they will ge tsiege
(05:18 / Allies) Boris_X1V: yeah so stop build towers
(05:27 / Allies) Boris_X1V: and get units
(05:30 / Allies) bannedfromwc3: he means counter siege
(05:44 / 7) lNDeNt: clear expos
(05:50 / 7) lNDeNt: gold?
(06:40 / 7) lNDeNt: get expo up asap
(06:42 / 7) lNDeNt: we are gonna be broke
(07:08 / 7) lNDeNt: gold
(07:10 / 9) bannedfromwc3: im tryijng for theis enemy expo
(07:21 / 7) lNDeNt: BIG inc
(08:46 / 7) lNDeNt: gold?
(09:25 / Allies) lNDeNt: go hit and run enemy expos
(10:19 / 7) lNDeNt: get chim?
(10:46 / Allies) lNDeNt: defend all
(11:11 / 7) lNDeNt: sjhare
(11:14 / Allies) lNDeNt: MOVE
(11:22 / 9) bannedfromwc3: thats a block
(11:28 / Allies) lNDeNt: oh
(11:52 / Allies) lNDeNt: everyone hit and run
(11:52 / Allies) honk18: purp
(12:17 / Allies) Boris_X1V: we need tanks
(14:24 / Allies) Boris_X1V: we need aa or we lose bad
(14:29 / Allies) Boris_X1V: aa like tank
(14:41 / Allies) Boris_X1V: puprle stop building shitty towers and make tank
(15:25 / Allies) lNDeNt: stay back by the towers
(15:32 / Allies) lNDeNt: dont run out and acty surprised when you lose to 400 food
(15:40 / 7) lNDeNt: wood me as hit ton
(15:42 / Allies) Boris_X1V: CLOUD
(15:44 / Allies) Boris_X1V: CLOUD
(15:49 / Allies) lNDeNt: so get silence
(16:15 / Allies) Boris_X1V: tp
(16:29 / Allies) Boris_X1V: ALL TP NOW
(17:48 / Allies) Boris_X1V: so stop do shitty towers and make units
(17:56 / 7) lNDeNt: this guy is obsesed
(17:56 / 9) bannedfromwc3: what should i make
(17:59 / 7) lNDeNt: chim
(18:05 / 9) bannedfromwc3: archers would probably be good
(18:13 / 7) lNDeNt: need to hit and run mains with chim
(18:16 / 7) lNDeNt: WOOD ME 2000
(18:52 / Allies) Boris_X1V: u wanna help me puple give me gold
(19:00 / Allies) Boris_X1V: top make towers
(19:31 / Allies) lNDeNt: wood pls
(20:01 / 7) lNDeNt: angry rat has over 1000 wood
(20:04 / 7) lNDeNt: and hes suiciding his army
(20:12 / Allies) lNDeNt: need 1000 wood
(20:15 / Allies) lNDeNt: or i cant afford gyros
(20:22 / Allies) lNDeNt: that is a 1 and three zeros
(20:30 / Allies) Boris_X1V: stop making towers and u will get ur wood
(20:41 / Allies) lNDeNt: ok ill just wait for it to accumulate
(20:43 / Allies) lNDeNt: good luck in ur base
(21:15 / 7) lNDeNt: wood me?
(21:17 / 7) lNDeNt: i need to go 80 food
(22:25 / Allies) lNDeNt: 2000 wood please
(22:33 / Allies) lNDeNt: all non butthurt players plz give me 2000 wood
(22:35 / Allies) Boris_X1V: we lost cause of u
(22:46 / Allies) lNDeNt: all butthurt players, please leave the game
(23:39 / All) Boris_X1V: gg purple is a total noob
(24:43 / Allies) lNDeNt: boris leave you butthurt
(24:48 / All) Boris_X1V: purple is incredibly noob
(24:49 / All) LnL: purple just won you the game
(24:57 / All) lNDeNt: hes a huge crybaby
(24:58 / All) Boris_X1V: he is a fucking noob
(25:03 / All) lNDeNt: he refused to give me some of his 9000 wood
(25:07 / All) lNDeNt: because towers make him mad
(25:22 / All) Boris_X1V: just learn cloud
(25:32 / All) lNDeNt: advice from a dead, butthurt player
(25:33 / All) lNDeNt: listen up
(25:34 / All) lNDeNt: take notes
(26:07 / All) lNDeNt: LOL
(26:17 / All) lNDeNt: SO madd
(26:45 / All) lNDeNt: i feel liek we could have avoided the lowbie tactic of making units if our allies had been on board
(26:50 / All) lNDeNt: typical rt noobs dont know what a tower is
(29:44 / Allies) lNDeNt: 2 warmills
(29:50 / Allies) lNDeNt: such extravagance
(30:04 / All) Killerdestroyer: gg
(30:06 / All) lNDeNt: gg